 Dungeon Crawl Stone Soup version 0.31.0-12-g77e489cdc1 (webtiles) character file.

Game seed: 12359891599632060769

65 leafyfresh the Covert (level 4, 0/41 HPs)
             Began as a Gnoll Delver on Feb 24, 2024.
             Slain by an ogre
             ... wielding a +0 giant club
              (26 damage)
             ... on level 4 of the Dungeon.
             The game lasted 00:01:18 (304 turns).

leafyfresh the Covert (Gnoll Delver)                 Turns: 304, Time: 00:01:19

Health: 0/41       AC:  3    Str: 11    XL:     4   Next: 13%
Magic:  5/5        EV: 13    Int:  9    God:
Gold:   40         SH:  0    Dex: 16    Spells: 5/5 levels left

rFire   . . .        h - +0 sling
rCold   . . .        (no shield)
rNeg    . . .        b - +0 leather armour
rPois   .            (no helmet)
rElec   .            (no cloak)
rCorr   .            (no gloves)
SInv    .            (no boots)
Will    .....        (no amulet)
Stlth   ++++         (no ring)
HPRegen 0.26/turn    (no ring)
MPRegen 0.09/turn

%: no passive effects
@: no status effects
A: fangs 1, strong nose, distributed training
a: no special abilities


You were on level 4 of the Dungeon.
You visited 1 branch of the dungeon, and saw 2 of its levels.

You collected 40 gold pieces.

Inventory:

Hand Weapons
 a - a +0 short sword
 h - a +0 sling (weapon)
Armour
 b - a +0 leather armour (worn)
Wands
 g - a wand of digging (3)
Scrolls
 c - a scroll of fog
 d - a scroll of revelation
 e - a scroll of fear
 i - a scroll of blinking {unknown}
Potions
 f - a potion of haste
 j - a potion of curing {unknown}


   Skills:
 + Level 6.6 Fighting
 + Level 4.6 Short Blades
 + Level 1.1 Long Blades
 + Level 1.1 Axes
 + Level 1.1 Maces & Flails
 + Level 1.1 Polearms
 + Level 1.1 Staves
 + Level 1.1 Ranged Weapons
 + Level 1.1 Throwing
 + Level 1.1 Armour
 + Level 4.6 Dodging
 + Level 9.6 Stealth
 + Level 1.1 Shields
 + Level 1.1 Unarmed Combat
 + Level 1.1 Spellcasting
 + Level 0.8 Conjurations
 + Level 0.8 Hexes
 + Level 0.8 Summonings
 + Level 0.8 Necromancy
 + Level 0.8 Translocations
 + Level 0.8 Fire Magic
 + Level 0.8 Ice Magic
 + Level 0.8 Air Magic
 + Level 0.8 Earth Magic
 + Level 0.8 Alchemy
 + Level 1.2 Invocations
 + Level 1.1 Evocations
 + Level 1.0 Shapeshifting


You had 5 spell levels left.
You didn't know any spells.
Your spell library was empty.

Dungeon Overview and Level Annotations

Branches:
Dungeon (5/15)
 Temple: D:4-7

Altars:
Kikubaaqudgha
Makhleb


Innate Abilities, Weirdness & Mutations

You have very sharp teeth.
Your uncanny sense of smell can sniff out nearby items.
Your experience applies equally to all skills.


Message History

You shoot a sling bullet. The sling bullet hits the ogre.
The ogre is lightly wounded.
An ogre is nearby!
You shoot a sling bullet. The sling bullet hits the ogre.
The ogre is lightly wounded.
You shoot a sling bullet. The sling bullet hits the ogre.
The ogre is lightly wounded.
An iguana and a hobgoblin come into view.
You shoot a sling bullet.
The sling bullet hits the iguana but does no damage.
The iguana hisses angrily.
The iguana closely misses you.
You shoot a sling bullet.
The sling bullet barely misses the iguana.
The iguana closely misses you. The iguana misses you.
You shoot a sling bullet.
The sling bullet hits the iguana but does no damage.
The ogre hits you with a +0 giant club. The iguana misses you.
You shoot a sling bullet. The sling bullet hits the iguana.
The iguana is lightly wounded.
The ogre closely misses you. The iguana barely misses you.
You shoot a sling bullet.
The sling bullet closely misses the iguana.
The iguana bites you! The ogre closely misses you.
The iguana closely misses you.
You shoot a sling bullet.
The sling bullet barely misses the iguana.
The ogre closely misses you. The iguana barely misses you.
You shoot a sling bullet. The sling bullet hits the iguana.
The iguana is heavily wounded.
The iguana bites you. The ogre misses you. The iguana misses you.
You shoot a sling bullet. The sling bullet hits the iguana.
The iguana is heavily wounded.
The ogre closely misses you. The iguana misses you.
You shoot a sling bullet. The sling bullet hits the iguana.
The iguana is almost dead.
The iguana completely misses you.
The ogre hits you with a +0 giant club!!
Ouch! That really hurt!
You die...

##..#._.#
.#####...#..†.
..g.......##... ..#
#....##.# #.# #..>##..
.. #.# ###..##.
.######.# #..###
##.#l....########.####
#...#@O...............
#...###..######.....#.
#...###..#######......
#.......#.....####.
#....####.###....#.
#O#### #.#...##.#.
#.#######.#....#.#.
#....O......._.....
########.#.#....#.#


You could see an ogre and an iguana.

Vanquished Creatures
  A hound (D:4)
  An iguana (D:4)
  A shadow imp (D:5)
  An orc (D:5)
4 creatures vanquished.

Notes
Turn   | Place    | Note
-------+----------+-------------------------------------------
     0 | D:5      | Reached skill level 9 in Stealth
     0 | D:5      | leafyfresh the Gnoll Delver began the quest for the Orb.
     0 | D:5      | Reached XP level 1. HP: 23/23 MP: 1/1
    23 | D:5      | Noticed a black bear
    29 | D:5      | Noticed an orc wizard
    97 | D:5      | Reached XP level 2. HP: 20/29 MP: 2/2
   138 | D:5      | Noticed a troll
   166 | D:4      | Reached skill level 1 in Invocations
   166 | D:4      | Reached XP level 3. HP: 35/35 MP: 2/4
   213 | D:4      | Found a burning altar of Makhleb.
   217 | D:4      | Reached skill level 1 in Long Blades
   217 | D:4      | Reached skill level 1 in Axes
   217 | D:4      | Reached skill level 1 in Maces & Flails
   217 | D:4      | Reached skill level 1 in Polearms
   217 | D:4      | Reached skill level 1 in Staves
   217 | D:4      | Reached skill level 1 in Ranged Weapons
   217 | D:4      | Reached skill level 1 in Throwing
   217 | D:4      | Reached skill level 1 in Armour
   217 | D:4      | Reached skill level 1 in Shields
   217 | D:4      | Reached skill level 1 in Unarmed Combat
   217 | D:4      | Reached skill level 1 in Spellcasting
   217 | D:4      | Reached skill level 1 in Evocations
   217 | D:4      | Reached skill level 1 in Shapeshifting
   217 | D:4      | Reached XP level 4. HP: 41/41 MP: 5/5
   236 | D:4      | Found an ancient bone altar of Kikubaaqudgha.
   263 | D:4      | Noticed an ogre
   304 | D:4      | Slain by an ogre

Illustrated notes

Levels and vault maps discovered:
D:4:      nicolae_cairo_tiling, layout_loops_ring, makhleb_blood_cavern_becter,
          nicolae_overflow_crystal_walls, minmay_temple_entry_purple_smoke,
          uniq_sigmund, uniq_blork_the_orc, uniq_pikel, uniq_menkaure
D:5:      layout_rooms, minitemple, nzn_wu_jian_council_hall, serial_glass,
          glass_columns_c, glass_columns_c, glass_columns_a, glass_columns_b

Skill      XL: |  1  2  3 |
---------------+----------+-----
Stealth        | |  9.6
Invocations    | 1 |  1.2
Long Blades    | 1 |  1.1
Axes           | 1 |  1.1
Maces & Flails | 1 |  1.1
Polearms       | 1 |  1.1
Staves         | 1 |  1.1
Ranged Weapons | 1 |  1.1
Throwing       | 1 |  1.1
Armour         | 1 |  1.1
Shields        | 1 |  1.1
Unarmed Combat | 1 |  1.1
Spellcasting   | 1 |  1.1
Evocations     | 1 |  1.1
Shapeshifting  | 1 |  1.0
Fighting       | |  6.6
Short Blades   | |  4.6
Dodging        | |  4.6
Conjurations   | |  0.8
Hexes          | |  0.8
Summonings     | |  0.8
Necromancy     | |  0.8
Translocations | |  0.8
Fire Magic     | |  0.8
Ice Magic      | |  0.8
Air Magic      | |  0.8
Earth Magic    | |  0.8
Alchemy        | |  0.8

Action                     |  1- 3 |  4- 6 || total
---------------------------+-------+-------++-------
  Melee: Short sword       |    21 |       ||    21
         Bite              |     1 |       ||     1
   Fire: Sling             |       |    12 ||    12
   Stab: Sleeping          |     2 |       ||     2
 Armour: Leather armour    |     4 |     4 ||     8
  Dodge: Dodged            |     8 |    15 ||    23
